 Dungeon Crawl Stone Soup version 0.27-a0-1378-gdefffd1ff6 (webtiles) character file.

Game seed: 12346823211592311385

98 sauken the Stinger (level 4, -1/27 HPs)
             Began as an Octopode Venom Mage on June 29, 2021.
             Slain by a black bear (5 damage)
             ... on level 3 of the Dungeon.
             The game lasted 00:08:51 (3677 turns).

sauken the Stinger (Octopode Venom Mage)            Turns: 3677, Time: 00:08:51

Health: -1/27      AC:  1    Str:  8    XL:     4   Next: 71%
Magic:  1/7        EV: 13    Int: 17    God:
Gold:   124        SH:  0    Dex: 12    Spells: 2/8 levels left

rFire    + . .     SeeInvis .   j - +2 short sword (venom)
rCold    . . .     Faith    .   (no shield)
rNeg     . . .     Spirit   .   (helmet restricted)
rPois    .         Reflect  .   (no amulet)
rElec    .         Harm     .   F - ring of protection from fire
rCorr    .         Rampage  .   (no ring)
Will     .....                  (no ring)
Stlth    +++.......             (no ring)
HPRegen  0.09/turn              (no ring)
MPRegen  0.10/turn              (no ring)
                                (no ring)
                                (no ring)

@: about to teleport, very slightly contaminated
A: almost no armour, amphibious, 8 rings, camouflage 1, gelatinous body 1,
(nimble swimmer 1), tentacles
a: no special abilities


You were on level 3 of the Dungeon.
You visited 1 branch of the dungeon, and saw 3 of its levels.

You collected 124 gold pieces.


Innate Abilities, Weirdness & Mutations

You cannot wear most types of armour.
You are amphibious.
You can wear up to eight rings at the same time.
Your skin changes colour to match your surroundings (Stealth+).
Your rubbery body absorbs attacks. (AC +1, EV +1)
((You are camouflaged near water. (Stealth+)))
You have tentacles for arms and can constrict up to eight enemies at once.


   Skills:
 + Level 2.7 Dodging
 + Level 3.8 Stealth
 + Level 2.5 Spellcasting
 + Level 0.5 Conjurations
 - Level 1.3 Transmutations
 + Level 1.0 Air Magic
 + Level 4.3 Poison Magic


You had 2 spell levels left.
You knew the following spells:

 Your Spells              Type           Power      Damage    Failure   Level
m - Mephitic Cloud        Conj/Pois/Air  8%         N/A       24%         3
p - Poisonous Vapours     Pois/Air       22%        N/A       9%          2
s - Sting                 Tmut/Pois      44%        1d5       6%          1

Your spell library contained the following spells:

 Spells                   Type           Power      Damage    Failure   Level
 Ignite Poison            Fire/Tmut/Pois 8%         N/A       26%         3
 Olgreb's Toxic Radiance  Pois           16%        N/A       30%         4

Inventory:

Hand Weapons
 f - a +0 dagger
   (You took it off a goblin on level 1 of the Dungeon)
 j - a +2 short sword of venom (weapon)
   (You took it off a kobold on level 2 of the Dungeon)
Missiles
 a - 51 stones
 h - 29 bolts
 l - 15 poisoned darts (quivered)
 n - 14 sling bullets
 p - 52 arrows
Armour
 g - a +0 buckler
   (You found it on level 1 of the Dungeon)
Magical Staves
 i - a staff of conjuration {!a}
   (You found it on level 2 of the Dungeon)
Jewellery
 F - a ring of protection from fire (left tentacle)
   (You found it on level 2 of the Dungeon)
Wands
 k - a wand of charming (7)
   (You found it on level 2 of the Dungeon)
Scrolls
 b - a scroll of teleportation {@r4}
 c - a scroll of blinking {unknown}
 d - a scroll of noise {unknown}
 m - a scroll of enchant weapon
 q - a scroll of amnesia {unknown}
 r - a scroll of fear {unknown}
Potions
 e - 2 potions of might {unknown}
 o - 2 potions of curing {@q1}

Dungeon Overview and Level Annotations

Branches:
Dungeon (3/15)

Altars:
Okawaru
Sif Muna

#.##..######
##############.....#
#...........#####.##
#..########.# #.# #.## #.#
#.# ### ###.### #.# ### ###
#.....# #.# # #.# #.#
###.###.###.# # ###.# #.#
#.@.# #.....# # ....###.##
###h#.###....># ##.......#
#.............# # #..###..#
#.#.###.#.....# #
##..###..####.#(###.#.....#
#
........................###
# #..#.)#..######.##.####<#
# #..#..#..# #.##.####.## #
#..#..#..# #..........# #


You could see a black bear (berserk, extremely poisoned).


Message History

😎 MP[-2]
You lost 2 mp, and now have 5/7 mp.
The ball python bites you. The ball python grabs you.
The ball python constricts you. 😕 HP[-1]
You take 1 damage, and now have 26/27 hp.
You hit the ball python.
You kill the ball python!
No target in view!
Unknown command.
c - a scroll labelled GYECACVETA 😎 HP[+1] MP[+2]
Your hp is fully restored (27).
Your mp is fully restored (7).
e - 2 bubbling blue potions (gained 1)
p - 52 arrows (gained 21)
Found an escape hatch in the ceiling.
You see here a +0 whip.
r - a scroll labelled QIHARGHAIWO A black bear is nearby!
Casting: Poisonous Vapours (safe; 9% risk of failure)
Confirm with . or Enter, or press ? or * to list all spells.
Aiming: Poisonous Vapours (safe; 9% risk of failure)
Press: ? - help, Dir - move target, f - black bear
Aim: a black bear (wandering, hasn't noticed you) Poisonous vapours surround the black bear!
The black bear is poisoned.
The black bear growls angrily. 😎 MP[-2]
You lost 2 mp, and now have 5/7 mp.
Casting: Poisonous Vapours (safe; 9% risk of failure)
Confirm with . or Enter, or press ? or * to list all spells.
Aiming: Poisonous Vapours (safe; 9% risk of failure)
Press: ? - help, Dir - move target, f/p - black bear
Aim: a black bear (lightly wounded, poisoned) Poisonous vapours surround the black bear!
The black bear looks even sicker. 😎 MP[-2]
You lost 2 mp, and now have 3/7 mp.
Casting: Poisonous Vapours (safe; 9% risk of failure)
Confirm with . or Enter, or press ? or * to list all spells.
You can't see any susceptible monsters within range! (Use Z to cast anyway.) Unknown command.
Casting: Poisonous Vapours (safe; 9% risk of failure)
Confirm with . or Enter, or press ? or * to list all spells.
You can't see any susceptible monsters within range! (Use Z to cast anyway.) Throw: 16 darts (poison)
Press: ? - help, Q - select action, (/) - cycle Shift-Dir - straight line, f/p - black bear
Aim: a black bear (moderately wounded, very poisoned, 64% to hit)
You throw a poisoned dart. The poisoned dart hits the black bear.
The black bear looks even sicker.
Casting: Poisonous Vapours (safe; 9% risk of failure)
Confirm with . or Enter, or press ? or * to list all spells.
Aiming: Sting (safe; 6% risk of failure)
Press: ? - help, Shift-Dir - straight line, f/p - black bear
Aim: a black bear (moderately wounded, very poisoned, 79% to hit)
You miscast Sting.
You are very lightly contaminated with residual magic.
Nothing appears to happen. 😎 MP[-1]
You lost 1 mp, and now have 2/7 mp.
Casting: Sting (safe; 6% risk of failure)
Confirm with . or Enter, or press ? or * to list all spells.
Aiming: Sting (safe; 6% risk of failure)
Press: ? - help, Shift-Dir - straight line, f/p - black bear
Aim: a black bear (moderately wounded, very poisoned, 79% to hit)
The sting hits the black bear but does no damage.
The black bear looks as sick as possible! 😎 MP[-1]
You lost 1 mp, and now have 1/7 mp.
Casting: Sting (safe; 6% risk of failure)
Confirm with . or Enter, or press ? or * to list all spells.
Aiming: Sting (safe; 6% risk of failure)
Press: ? - help, Shift-Dir - straight line, f/p - black bear
Aim: a black bear (moderately wounded, extremely poisoned, 79% to hit)
The sting hits the black bear.
The black bear looks as sick as possible!
The black bear bites you.
The black bear barely misses you. x2 😕 HP[-6] MP[-1]
You take 6 damage, and now have 21/27 hp.
MASSIVE DAMAGE!! (PAUSE)
You lost 1 mp, and now have 0/7 mp.
You barely miss the black bear. You grab the black bear.
You constrict the black bear, but do no damage.
The black bear bites you. The black bear claws you.
The black bear misses you. 😮 HP[-6]
You take 6 damage, and now have 15/27 hp.
MASSIVE DAMAGE!! (PAUSE)
As you read the scroll of teleportation {@r4}, it crumbles to dust.
You feel strangely unstable.
You constrict the black bear, but do no damage.
The black bear goes berserk!
You release your grip on the black bear.
The black bear barely misses you. The black bear closely misses you.
The black bear claws you.
* * * LOW HITPOINT WARNING * * *
The black bear bites you.
* * * LOW HITPOINT WARNING * * *
The black bear closely misses you. The black bear claws you.
You die...

Skill      XL: |  1  2  3  4 |
---------------+-------------+-----
Stealth        | 3 |  3.8
Poison Magic   | 4 |  4.3
Air Magic      | 1 |  1.0
Dodging        | |  2.7
Spellcasting   | |  2.5
Conjurations   | |  0.5
Transmutations | |  1.3

Action                   |  1- 3 |  4- 6 || total
-------------------------+-------+-------++-------
Melee: Unarmed           |    17 |       ||    17
       Constrict         |    10 |     4 ||    14
       Dagger            |    20 |       ||    20
       Tentacles         |     3 |     3 ||     6
       Short sword       |     2 |    18 ||    20
Throw: Dart              |       |     1 ||     1
 Cast: Sting             |    31 |    19 ||    50
       Poisonous Vapours |    16 |    23 ||    39
  Use: Scroll            |       |     4 ||     4
 Stab: Sleeping          |     3 |       ||     3
Armor: Skin              |     4 |       ||     4
Dodge: Dodged            |    32 |    16 ||    48

Levels and vault maps discovered:
D:1:      lemuel_arrival_lava_pool, layout_basic
D:2:      layout_basic, dilly_ecumenical_altar_fadedgnrine,
          corexii_item_surrounded_by_moat
D:3:      layout_loops_ring, general_overflow_altar, okawaru_ov_weapons_minmay,
          uniq_crazy_yiuf_cottage

Notes
Turn   | Place    | Note
-------+----------+-------------------------------------------
     0 | D:1      | sauken the Octopode Venom Mage began the quest for the Orb.
     0 | D:1      | Reached XP level 1. HP: 11/11 MP: 3/3
     0 | D:1      | magus.rc [v1.10.3]
    55 | D:1      | Reached skill level 3 in Stealth
    55 | D:1      | Reached XP level 2. HP: 17/17 MP: 0/5
   258 | D:1      | Learned a level 2 spell: Poisonous Vapours
   891 | D:1      | Reached XP level 3. HP: 21/21 MP: 3/6
   953 | D:1      | Reached skill level 4 in Poison Magic
  1611 | D:2      | Learned a level 3 spell: Mephitic Cloud
  1922 | D:2      | Reached XP level 4. HP: 27/27 MP: 2/7
  2247 | D:2      | Found a faded altar of an unknown god.
  2737 | D:3      | Found an iron altar of Okawaru.
  2875 | D:3      | Reached skill level 1 in Air Magic
  3021 | D:3      | Noticed a black bear
  3203 | D:3      | Found a shimmering blue altar of Sif Muna.
  3677 | D:3      | HP: 4/27 [black bear (6)]
  3677 | D:3      | Slain by a black bear

Vanquished Creatures
  A gnoll (D:1)
  3 adders
  A worm (D:3)
  A dart slug (D:2)
  3 orcs (D:3)
  6 ball pythons
  5 endoplasms
  5 goblins
  2 hobgoblins
  9 jackals
  A quokka (D:1)
  5 bats
  2 frilled lizards
  4 kobolds
  2 rats (D:1)
50 creatures vanquished.

Table legend:
 A = Non-vault XP
 B = Vault XP
 C = Vault XP percentage of total XP
 D = Non-vault monster count
 E = Vault monster count
 F = Vault count percentage of total count
                 A         B        C        D         E       F
            +---------+---------+-------+---------+---------+-------
      Total |     141 |       0 |   0.0 |      50 |       0 |   0.0
            +---------+---------+-------+---------+---------+-------
        D:1 |      49 |       0 |   0.0 |      22 |       0 |   0.0
        D:2 |      53 |       0 |   0.0 |      15 |       0 |   0.0
        D:3 |      39 |       0 |   0.0 |      13 |       0 |   0.0
            +---------+---------+-------+---------+---------+-------

Illustrated notes

Table legend:
 A = Kills in this place as a percentage of kills in entire the game.
 B = Kills by you in this place as a percentage of kills by you in the entire game.
 C = Kills by friends in this place as a percentage of kills by friends in the entire game.
 D = Other kills in this place as a percentage of other kills in the entire game.
 E = Experience gained in this place as a percentage of experience gained in the entire game.
 F = Experience gained in this place divided by the number of levels of this place that you have seen.
                   A       B       C       D       E      F
               +-------+-------+-------+-------+-------+----------------------
         Total | 100.0 | 100.0 |   N/A |   N/A | 100.0 |  47.0
       Dungeon | 100.0 | 100.0 |   N/A |   N/A | 100.0 |  47.0
               +-------+-------+-------+-------+-------+----------------------

Table legend: (Time is in decaauts)
 A = Elapsed time spent in this place.
 B = Non-inter-level travel time spent in this place.
 C = Inter-level travel time spent in this place.
 D = Time resting spent in this place.
 E = Time spent auto-exploring this place.
 F = Levels seen in this place.
 G = Mean time per level.
                   A        B        C        D        E       F      G
               +--------+--------+--------+--------+--------+-----+--------+
         Total |   3675 |   3642 |     33 |   1010 |   2159 |   3 | 1225.0 |
       Dungeon |   3675 |   3642 |     33 |   1010 |   2159 |   3 | 1225.0 |
               +--------+--------+--------+--------+--------+-----+--------+

Top non-repeatable levels by time:
     D:1: 1265 daAuts
     D:2: 1236 daAuts
     D:3: 1173 daAuts
